MWL (24 & UNDER)
ERIE JAXX @ EVANSTON ELITISTS
04/05/2028
 
TOP OF THE 1ST
Erie Jaxx batting - Pitching for Evanston Elitists : RHP Arthur Martínez
Pitching: RHP Arthur Martínez
Batting: LHB Kyle Robbins 0-0: Foul Ball, location: 2F
0-1: Called Strike
0-2: Ball
1-2: SINGLE (Groundball, 6D)
Batting: SHB José Durango 0-0: Ball
1-0: Ball
2-0: Foul Ball, location: 2F
2-1: Foul Ball, location: 2F
2-2: Foul Ball, location: 2F
2-2: Strikes out swinging
Batting: SHB Michael Field 0-0: Ball
Throwing error on steal attempt, E2
Kyle Robbins to third
1-0: SINGLE (Flyball, 7S)
Kyle Robbins scores
Batting: RHB José Hernández 0-0: Called Strike
0-1: Foul Ball, location: 2F
0-2: Strikes out swinging
Batting: RHB Ángel Serrano 0-0: Called Strike
0-1: Called Strike
0-2: Fly out, F8 (Flyball, 8LS)
Top of the 1st over - 1 run(s), 2 hit(s), 1 error(s), 1 left on base; Erie 1 - Evanston 0
BOTTOM OF THE 1ST
Evanston Elitists batting - Pitching for Erie Jaxx : LHP Francisco Rodríguez
Pitching: LHP Francisco Rodríguez
Batting: LHB Jean-Sébastien Beaudin 0-0: Fly out, F8 (Line Drive, 8RD)
Batting: LHB Alberto Varela 0-0: Ground out 5-3 (Groundball, 56)
Batting: RHB Wilfred Martin 0-0: Fly out, F8 (Line Drive, 8RM)
Bottom of the 1st over - 0 run(s), 0 hit(s), 0 error(s), 0 left on base; Erie 1 - Evanston 0
TOP OF THE 2ND
Erie Jaxx batting - Pitching for Evanston Elitists : RHP Arthur Martínez
Batting: RHB Ed Keesee 0-0: Fly out, F8 (Flyball, 8RM)
Batting: RHB Edgardo Castro 0-0: Ball
1-0: Ball
2-0: Ball
3-0: Base on Balls
Batting: RHB Alfredo Ramírez 0-0: Ball
1-0: Ground out 5-3 (Groundball, 56S)
Edgardo Castro to second
Batting: RHB Júlio Hernández 0-0: Ground out 4-3 (Groundball, 4)
Top of the 2nd over - 0 run(s), 0 hit(s), 0 error(s), 1 left on base; Erie 1 - Evanston 0
BOTTOM OF THE 2ND
Evanston Elitists batting - Pitching for Erie Jaxx : LHP Francisco Rodríguez
Batting: LHB Luis Rodríguez 0-0: Called Strike
0-1: Ball
1-1: Ball
2-1: Foul Ball, location: 2F
2-2: Fly out, F9 (Flyball, 89M)
Batting: RHB Miguel Toro 0-0: Foul Ball, location: 2F
0-1: Called Strike
0-2: SINGLE (Line Drive, 9LS)
Batting: RHB António Martínez 0-0: SINGLE (Flyball, 7S)
Miguel Toro to second
Batting: SHB Jacob Wilcox 0-0: Called Strike
António Martínez is caught stealing 2nd base
0-1: Ball
1-1: SINGLE (Line Drive, 4)
Miguel Toro scores
Batting: RHB Carlos Miranda 0-0: Called Strike
0-1: Swinging Strike
0-2: Strikes out swinging
Bottom of the 2nd over - 1 run(s), 3 hit(s), 0 error(s), 1 left on base; Erie 1 - Evanston 1
TOP OF THE 3RD
Erie Jaxx batting - Pitching for Evanston Elitists : RHP Arthur Martínez
Batting: LHB Kyle Robbins 0-0: Ground out U3 (Groundball, 3)
Batting: SHB José Durango 0-0: Called Strike
0-1: Fly out, F9 (Line Drive, 89M)
Batting: SHB Michael Field 0-0: Foul Ball, location: 2F
0-1: Ball
1-1: Fly out, F9 (Flyball, 9S)
Top of the 3rd over - 0 run(s), 0 hit(s), 0 error(s), 0 left on base; Erie 1 - Evanston 1
BOTTOM OF THE 3RD
Evanston Elitists batting - Pitching for Erie Jaxx : LHP Francisco Rodríguez
Batting: RHB Jorge Calderón 0-0: Ground out 5-3 (Groundball, 56S)
Batting: LHB Jean-Sébastien Beaudin 0-0: Called Strike
0-1: Swinging Strike
0-2: Foul Ball, location: 2F
0-2: SINGLE (Line Drive, 8RS)
Batting: LHB Alberto Varela 0-0: Ball
1-0: Ball
2-0: SINGLE (Line Drive, 6MD)
Jean-Sébastien Beaudin to second
Batting: RHB Wilfred Martin 0-0: Called Strike
0-1: Ball
1-1: Ball
2-1: Ball
3-1: Foul Ball, location: 2F
3-2: Fly out, F8 (Flyball, 8RD)
Runner from 2nd tags up, SAFE at 3rd, no throw
Batting: LHB Luis Rodríguez 0-0: Swinging Strike
0-1: Ball
1-1: Ball
2-1: Foul Ball, location: 2F
2-2: Ball
3-2: Ground out 4-3 (Groundball, 34)
Bottom of the 3rd over - 0 run(s), 2 hit(s), 0 error(s), 2 left on base; Erie 1 - Evanston 1
TOP OF THE 4TH
Erie Jaxx batting - Pitching for Evanston Elitists : RHP Arthur Martínez
Batting: RHB José Hernández 0-0: Called Strike
0-1: Foul Ball, location: 2F
0-2: Ground out 6-3 (Groundball, 6)
Batting: RHB Ángel Serrano 0-0: Ball
1-0: Reached on error, E5 (Groundball, 5)
Batting: RHB Ed Keesee 0-0: Ball
1-0: Called Strike
1-1: Ball
2-1: Ball
3-1: Base on Balls
Ángel Serrano to second
Batting: RHB Edgardo Castro 0-0: Called Strike
0-1: Foul Ball, location: 2F
0-2: Ball
1-2: Strikes out swinging
Batting: RHB Alfredo Ramírez 0-0: Ball
1-0: SINGLE (Groundball, 34D)
Ángel Serrano to third
Ed Keesee to second
Batting: RHB Júlio Hernández 0-0: Called Strike
0-1: Fielders Choice at 2nd, 6-4 (Groundball, 6)
Top of the 4th over - 0 run(s), 1 hit(s), 1 error(s), 2 left on base; Erie 1 - Evanston 1
BOTTOM OF THE 4TH
Evanston Elitists batting - Pitching for Erie Jaxx : LHP Francisco Rodríguez
Batting: RHB Miguel Toro 0-0: Called Strike
0-1: Called Strike
0-2: Foul Ball, location: 2F
0-2: Fly out, F4 (Flyball, 4D)
Batting: RHB António Martínez 0-0: Fly out, F4 (Line Drive, 4M)
Batting: SHB Jacob Wilcox 0-0: Ball
1-0: Ball
2-0: Called Strike
2-1: Foul Ball, location: 2F
2-2: Strikes out looking
Bottom of the 4th over - 0 run(s), 0 hit(s), 0 error(s), 0 left on base; Erie 1 - Evanston 1
TOP OF THE 5TH
Erie Jaxx batting - Pitching for Evanston Elitists : RHP Arthur Martínez
Batting: LHB Kyle Robbins 0-0: Fly out, F9 (Flyball, 9)
Batting: SHB José Durango 0-0: Called Strike
0-1: Foul Ball, location: 2F
0-2: Ball
1-2: Strikes out swinging, 2-3 out at first.
Batting: SHB Michael Field 0-0: Called Strike
0-1: Ball
1-1: Called Strike
1-2: Ground out 3-1 (Groundball, 23)
Top of the 5th over - 0 run(s), 0 hit(s), 0 error(s), 0 left on base; Erie 1 - Evanston 1
BOTTOM OF THE 5TH
Evanston Elitists batting - Pitching for Erie Jaxx : LHP Francisco Rodríguez
Batting: RHB Carlos Miranda 0-0: Ball
1-0: Called Strike
1-1: Ground out 4-3 (Groundball, 34)
Batting: RHB Jorge Calderón 0-0: Foul Ball, location: 2F
0-1: Ground out 6-3 (Groundball, 6)
Batting: LHB Jean-Sébastien Beaudin 0-0: Called Strike
0-1: Fly out, F8 (Flyball, 8RM)
Bottom of the 5th over - 0 run(s), 0 hit(s), 0 error(s), 0 left on base; Erie 1 - Evanston 1
TOP OF THE 6TH
Erie Jaxx batting - Pitching for Evanston Elitists : RHP Arthur Martínez
Batting: RHB José Hernández 0-0: Ground out 5-3 (Groundball, 56)
Batting: RHB Ángel Serrano 0-0: Foul Ball, location: 2F
0-1: Ball
1-1: Ball
2-1: Swinging Strike
2-2: Ball
3-2: Strikes out swinging
Batting: RHB Ed Keesee 0-0: Ball
1-0: Fly out, F7 (Flyball, 7S)
Top of the 6th over - 0 run(s), 0 hit(s), 0 error(s), 0 left on base; Erie 1 - Evanston 1
BOTTOM OF THE 6TH
Evanston Elitists batting - Pitching for Erie Jaxx : LHP Francisco Rodríguez
Batting: LHB Alberto Varela 0-0: Called Strike
0-1: Ball
1-1: Swinging Strike
1-2: SINGLE (Groundball, 34D)
Batting: RHB Wilfred Martin 0-0: Called Strike
0-1: Foul Ball, location: 2F
0-2: Grounds into double play, 4-6-3 (Groundball, 4)
Batting: LHB Luis Rodríguez 0-0: Swinging Strike
0-1: SINGLE (Line Drive, 34D)
Batting: RHB Miguel Toro 0-0: Called Strike
0-1: Fielders Choice at 2nd, 6-4 (Groundball, 6)
Bottom of the 6th over - 0 run(s), 2 hit(s), 0 error(s), 0 left on base; Erie 1 - Evanston 1
TOP OF THE 7TH
Erie Jaxx batting - Pitching for Evanston Elitists : RHP Arthur Martínez
Batting: RHB Edgardo Castro 0-0: Called Strike
0-1: DOUBLE (Flyball, 89D)
Batting: RHB Alfredo Ramírez 0-0: Intentional Walk
Batting: RHB Júlio Hernández 0-0: Swinging Strike
0-1: Ball
1-1: Ball
2-1: Swinging Strike
2-2: Strikes out swinging
Batting: LHB Kyle Robbins 0-0: Foul Ball, location: 2F
0-1: Ground out U3 (Groundball, 34S)
Edgardo Castro to third
Alfredo Ramírez to second
Batting: SHB José Durango 0-0: Ball
1-0: Swinging Strike
Balk!
Edgardo Castro scores
Alfredo Ramírez to third
1-1: Foul Ball, location: 2F
1-2: Ball
2-2: Foul Ball, location: 2F
2-2: Ball
3-2: Strikes out swinging
Top of the 7th over - 1 run(s), 1 hit(s), 0 error(s), 1 left on base; Erie 2 - Evanston 1
BOTTOM OF THE 7TH
Evanston Elitists batting - Pitching for Erie Jaxx : LHP Francisco Rodríguez
Batting: RHB António Martínez 0-0: Called Strike
0-1: Ground out 6-3 (Groundball, 6)
Batting: SHB Jacob Wilcox 0-0: Called Strike
0-1: Ball
1-1: DOUBLE (Line Drive, 7LD)
Batting: RHB Carlos Miranda 0-0: Ball
1-0: Ball
2-0: Ball
3-0: Called Strike
3-1: Foul Ball, location: 2F
3-2: Foul Ball, location: 2F
3-2: Foul Ball, location: 2F
3-2: Base on Balls
Batting: RHB Jorge Calderón 0-0: Called Strike
0-1: Ball
1-1: Ball
2-1: Foul Ball, location: 2F
2-2: Ball
3-2: DOUBLE (Line Drive, 7LM)
Jacob Wilcox scores
Carlos Miranda to third
Pitching: LHP Todd Anderson
Pinch Hitting: RHB Henry Morris 0-0: Called Strike
0-1: Ball
1-1: Foul Ball, location: 2F
1-2: Strikes out swinging, 2-3 out at first.
Batting: LHB Alberto Varela 0-0: Foul Ball, location: 2F
0-1: Ball
1-1: Foul Ball, location: 2F
1-2: Ball
2-2: Ball
3-2: Foul Ball, location: 2F
3-2: Base on Balls
Batting: RHB Wilfred Martin 0-0: Ball
1-0: Swinging Strike
1-1: Swinging Strike
1-2: Ball
2-2: Foul Ball, location: 2F
2-2: Strikes out looking
Bottom of the 7th over - 1 run(s), 2 hit(s), 0 error(s), 3 left on base; Erie 2 - Evanston 2
TOP OF THE 8TH
Erie Jaxx batting - Pitching for Evanston Elitists : RHP Arthur Martínez
Pitching: RHP Júlio Feliciano
Now in LF: Javier Mejía
Batting: SHB Michael Field 0-0: Swinging Strike
0-1: Ground out U3 (Groundball, 3L)
Batting: RHB José Hernández 0-0: Foul Ball, location: 2F
0-1: Swinging Strike
0-2: Strikes out looking
Batting: RHB Ángel Serrano 0-0: Ball
1-0: Fly out, F8 (Flyball, 8RM)
Top of the 8th over - 0 run(s), 0 hit(s), 0 error(s), 0 left on base; Erie 2 - Evanston 2
BOTTOM OF THE 8TH
Evanston Elitists batting - Pitching for Erie Jaxx : LHP Todd Anderson
Batting: LHB Luis Rodríguez 0-0: Foul Ball, location: 2F
0-1: Foul Ball, location: 2F
0-2: Ball
1-2: SINGLE (Groundball, 6MD)
Pinch Runner at 1st Ron Newcombe:
Batting: RHB Miguel Toro 0-0: Ball
1-0: Called Strike
1-1: Ball
2-1: Foul Ball, location: 2F
2-2: Grounds into double play, 5-4-3 (Groundball, 56)
Batting: RHB António Martínez 0-0: Foul Ball, location: 2F
0-1: Called Strike
0-2: Strikes out swinging
Bottom of the 8th over - 0 run(s), 1 hit(s), 0 error(s), 0 left on base; Erie 2 - Evanston 2
TOP OF THE 9TH
Erie Jaxx batting - Pitching for Evanston Elitists : RHP Júlio Feliciano
Pitching: LHP Gregory Thompson
Batting: RHB Ed Keesee 0-0: Called Strike
0-1: Fly out, F9 (Line Drive, 89M)
Batting: RHB Edgardo Castro 0-0: Foul Ball, location: 2F
0-1: Ball
1-1: Hit by Pitch
Batting: RHB Alfredo Ramírez 0-0: Foul Ball, location: 2F
0-1: Ball
1-1: Foul Ball, location: 2F
1-2: Ball
2-2: Ball
3-2: Foul Ball, location: 2F
3-2: Strikes out looking
Batting: RHB Júlio Hernández 0-0: Swinging Strike
0-1: Ball
1-1: Ball
2-1: Foul Ball, location: 2F
2-2: Foul Ball, location: 2F
2-2: Strikes out swinging
Top of the 9th over - 0 run(s), 0 hit(s), 0 error(s), 1 left on base; Erie 2 - Evanston 2
BOTTOM OF THE 9TH
Evanston Elitists batting - Pitching for Erie Jaxx : LHP Todd Anderson
Pitching: LHP Rafael Romero
Pinch Hitting: LHB Ronald Gordon 0-0: Foul Ball, location: 2F
0-1: Called Strike
0-2: Ball
1-2: Foul Ball, location: 2F
1-2: Ball
2-2: Ball
3-2: SINGLE (Flyball, 7S) - OUT at second base trying to stretch hit.
Batting: RHB Carlos Miranda 0-0: Swinging Strike
0-1: Ground out 5-3 (Groundball, 56)
Batting: RHB Jorge Calderón 0-0: Ball
1-0: Ball
2-0: Swinging Strike
2-1: Foul Ball, location: 2F
2-2: Ball
3-2: Base on Balls
Batting: LHB Javier Mejía 0-0: Called Strike
0-1: Ball
1-1: Fly out, F2 (Popup, 13S)
Bottom of the 9th over - 0 run(s), 1 hit(s), 0 error(s), 1 left on base; Erie 2 - Evanston 2
TOP OF THE 10TH
Erie Jaxx batting - Pitching for Evanston Elitists : LHP Gregory Thompson
Now at 1B: Ángelo Lara
Batting: LHB Kyle Robbins 0-0: Called Strike
0-1: Foul Ball, location: 2F
0-2: Ball
1-2: Ball
2-2: Strikes out swinging
Batting: SHB José Durango 0-0: Foul Ball, location: 2F
0-1: Foul Ball, location: 2F
0-2: Foul Ball, location: 2F
0-2: Ball
1-2: Strikes out swinging
Batting: SHB Michael Field 0-0: SINGLE (Line Drive, 9S)
Pinch Hitting: RHB William Wilson 0-0: Ball
1-0: Foul Ball, location: 2F
1-1: SINGLE (Groundball, 4) (infield hit)
Michael Field to second
Batting: RHB Ángel Serrano 0-0: Swinging Strike
0-1: Ball
1-1: Swinging Strike
1-2: Foul Ball, location: 2F
1-2: Ball
2-2: Ball
3-2: Strikes out looking
Top of the 10th over - 0 run(s), 2 hit(s), 0 error(s), 2 left on base; Erie 2 - Evanston 2
BOTTOM OF THE 10TH
Evanston Elitists batting - Pitching for Erie Jaxx : LHP Rafael Romero
Now at C: Germán Duarte
Batting: LHB Alberto Varela 0-0: Foul Ball, location: 2F
0-1: Foul Ball, location: 2F
0-2: Ball
1-2: Foul Ball, location: 2F
1-2: Ball
2-2: Ball
3-2: Ground out U3 (Groundball, 34)
Batting: RHB Wilfred Martin 0-0: Fly out, F8 (Flyball, 8LD)
Batting: RHB Ron Newcombe 0-0: Ball
1-0: Ball
2-0: Called Strike
2-1: SINGLE (Flyball, 8RS)
Batting: RHB Miguel Toro 0-0: Ball
1-0: Ball
2-0: Foul Ball, location: 2F
2-1: Foul Ball, location: 2F
2-2: Strikes out swinging
Bottom of the 10th over - 0 run(s), 1 hit(s), 0 error(s), 1 left on base; Erie 2 - Evanston 2
TOP OF THE 11TH
Erie Jaxx batting - Pitching for Evanston Elitists : LHP Gregory Thompson
Batting: RHB Ed Keesee 0-0: SINGLE (Line Drive, 78M)
Batting: RHB Edgardo Castro 0-0: Sac Bunt - play at first, batter OUT! 2-4
Ed Keesee to second
Batting: RHB Alfredo Ramírez 0-0: Intentional Walk
Batting: RHB Júlio Hernández 0-0: Ball
1-0: Foul Ball, location: 2F
1-1: Ball
2-1: Fielders Choice at 2nd, 6-4 (Groundball, 6)
Ed Keesee to third
Batting: LHB Kyle Robbins 0-0: Foul Ball, location: 2F
0-1: Fly out, F8 (Line Drive, 78D)
Top of the 11th over - 0 run(s), 1 hit(s), 0 error(s), 2 left on base; Erie 2 - Evanston 2
BOTTOM OF THE 11TH
Evanston Elitists batting - Pitching for Erie Jaxx : LHP Rafael Romero
Pitching: RHP Scott King
Batting: RHB António Martínez 0-0: Hit by Pitch
Batting: LHB Ángelo Lara 0-0: Ball
1-0: Ball
2-0: SINGLE (Groundball, 6) (infield hit)
António Martínez to second
Batting: RHB Carlos Miranda 0-0: Ball
1-0: Called Strike
1-1: SINGLE (Groundball, 56D)
António Martínez to third
Ángelo Lara to second
Runner from 3rd tries for Home, SAFE, throw made home
Tuesday, August 8th, 2017 - OOTP Baseball 17.12 Build 75